 Dungeon Crawl Stone Soup version 0.23.2 (webtiles) character file.

Game seed: 6111596881631474751

142 Illumine the Protected (level 5, -2/40 HPs)
             Began as a Gnoll Wanderer on Oct 14, 2019.
             Was an Initiate of Makhleb.
             Slain by a sky beast (3 damage)
             ... on level 5 of the Dungeon.
             The game lasted 00:02:43 (1825 turns).

Illumine the Protected (Gnoll Wanderer)             Turns: 1825, Time: 00:02:44

Health: -2/40      AC: 10    Str: 14    XL:     5   Next: 24%
Magic:  0/7        EV: 10    Int: 14    God:    Makhleb [......]
Gold:   173        SH:  0    Dex: 13    Spells: 6/6 levels left

rFire    . . .     SeeInvis +   p - +1 war axe
rCold    . . .     Gourm    .   (no shield)
rNeg     . . .     Faith    .   b - +2 scale mail
rPois    .         Spirit   +   (no helmet)
rElec    .         Reflect  .   (no cloak)
rCorr    .         Harm     .   (no gloves)
MR       .....                  (no boots)
Stlth    ..........             t - amulet of guardian spirit
HPRegen  0.13/turn              k - ring of see invisible
MPRegen  0.10/turn              s - -3 ring of strength (curse)

@: no status effects
A: distributed training, fangs 1, strong nose
a: Renounce Religion


You were on level 5 of the Dungeon.
You worshipped Makhleb.
Makhleb was noncommittal.
You were not hungry.

You visited 1 branch of the dungeon, and saw 5 of its levels.

You collected 173 gold pieces.

Inventory:

Hand Weapons
 a - a +1 mace
 d - a +0 blowgun
 p - a +1 war axe (weapon)
Missiles
 c - 11 poisoned needles
 i - 8 needles of sleeping
Armour
 b - a +2 scale mail (worn)
Jewellery
 k - a ring of see invisible (left hand)
 s - a cursed -3 ring of strength (right hand)
 t - an amulet of guardian spirit (around neck)
Scrolls
 e - 4 scrolls of identify
 q - a scroll of teleportation
Potions
 h - a potion of magic {unknown}
 j - a potion of invisibility {unknown}
 l - a potion of agility {unknown}
 m - 2 potions of might
 n - a potion of curing {unknown}
 o - 2 potions of haste {unknown}
 r - a potion of heal wounds {unknown}
 u - a potion of flight {unknown}
Comestibles
 f - 3 rations


   Skills:
 + Level 2.9 Fighting
 + Level 1.4 Short Blades
 + Level 1.4 Long Blades
 + Level 1.4 Axes
 + Level 4.7 Maces & Flails
 + Level 1.4 Polearms
 + Level 1.4 Staves
 + Level 1.4 Slings
 + Level 2.9 Bows
 + Level 1.4 Crossbows
 + Level 4.7 Throwing
 + Level 8.6 Armour
 + Level 1.4 Dodging
 + Level 1.4 Stealth
 + Level 1.4 Shields
 + Level 1.4 Unarmed Combat
 + Level 1.4 Spellcasting
 + Level 1.1 Conjurations
 + Level 1.1 Hexes
 + Level 1.1 Charms
 + Level 1.1 Summonings
 + Level 1.1 Necromancy
 + Level 1.1 Translocations
 + Level 1.1 Transmutations
 + Level 1.1 Fire Magic
 + Level 1.1 Ice Magic
 + Level 1.1 Air Magic
 + Level 1.1 Earth Magic
 + Level 1.1 Poison Magic
 + Level 1.5 Invocations
 + Level 1.4 Evocations


You had 6 spell levels left.
You didn't know any spells.
Your spell library was empty.

Dungeon Overview and Level Annotations

Branches:
Dungeon (6/15)
 Temple: D:4-7

Altars:
Makhleb


Innate Abilities, Weirdness & Mutations

Your experience applies equally to all skills.
You have very sharp teeth.
Your uncanny sense of smell can sniff out nearby items.


Message History

The sky beast is heavily wounded.
The sky beast hits you.
* * * LOW HITPOINT WARNING * * *
The sky beast shocks you.
* * * LOW HITPOINT WARNING * * *
The sky beast barely misses you.
You slash the sky beast!
The sky beast is almost dead.
The sky beast barely misses you.
You miss the sky beast.
The sky beast is almost dead.
The sky beast closely misses you.
All of the chunks of flesh in your inventory have rotted away.
You closely miss the sky beast.
The sky beast is almost dead.
The sky beast hits you but does no damage. x2
You hit the sky beast. Your bite misses the sky beast.
The sky beast is almost dead.
The sky beast hits you.
You die...

.... ∆ ...
... .. #.
##.##
##.##...##
#......@Y#
##...#.###
## #. ##


You could see a sky beast (invisible).

Vanquished Creatures
  A hound (D:2)
  3 adders
  A worm (D:3)
  3 dart slugs (D:1)
  A leopard gecko (D:2)
  5 orcs (D:3)
  A giant cockroach (D:3)
  5 goblins
  7 hobgoblins
  7 jackals
  10 bats
  9 frilled lizards
  12 kobolds
  9 rats
74 creatures vanquished.

Notes
Turn   | Place    | Note
-------+----------+-------------------------------------------
     0 | D:1      | Illumine the Gnoll Wanderer began the quest for the Orb.
     0 | D:1      | Illumine set off with the following items: a +0 mace, a +2
                  | scale mail, 11 poisoned needles, a +0 blowgun, a ration
     0 | D:1      | Reached XP level 1. HP: 17/17 MP: 1/1
    69 | D:1      | Reached XP level 2. HP: 22/23 MP: 2/2
   343 | D:1      | Reached XP level 3. HP: 14/28 MP: 3/3
   896 | D:2      | Reached skill level 1 in Invocations
  1065 | D:2      | Reached skill level 1 in Short Blades
  1065 | D:2      | Reached skill level 1 in Long Blades
  1065 | D:2      | Reached skill level 1 in Axes
  1065 | D:2      | Reached skill level 1 in Polearms
  1065 | D:2      | Reached skill level 1 in Staves
  1065 | D:2      | Reached skill level 1 in Slings
  1065 | D:2      | Reached skill level 1 in Crossbows
  1065 | D:2      | Reached skill level 1 in Dodging
  1065 | D:2      | Reached skill level 1 in Stealth
  1065 | D:2      | Reached skill level 1 in Shields
  1065 | D:2      | Reached skill level 1 in Unarmed Combat
  1065 | D:2      | Reached skill level 1 in Spellcasting
  1065 | D:2      | Reached skill level 1 in Evocations
  1119 | D:2      | Reached XP level 4. HP: 33/34 MP: 5/5
  1429 | D:2      | Found a burning altar of Makhleb.
  1472 | D:2      | Reached skill level 1 in Conjurations
  1472 | D:2      | Reached skill level 1 in Hexes
  1472 | D:2      | Reached skill level 1 in Charms
  1472 | D:2      | Reached skill level 1 in Summonings
  1472 | D:2      | Reached skill level 1 in Necromancy
  1472 | D:2      | Reached skill level 1 in Translocations
  1472 | D:2      | Reached skill level 1 in Transmutations
  1472 | D:2      | Reached skill level 1 in Fire Magic
  1472 | D:2      | Reached skill level 1 in Ice Magic
  1472 | D:2      | Reached skill level 1 in Air Magic
  1472 | D:2      | Reached skill level 1 in Earth Magic
  1472 | D:2      | Reached skill level 1 in Poison Magic
  1478 | D:2      | Became a worshipper of Makhleb the Destroyer
  1546 | D:3      | Reached XP level 5. HP: 33/40 MP: 4/6
  1807 | D:3      | You fall through a shaft for 3 floors!
  1808 | D:6      | Noticed a sky beast
  1814 | D:6      | Noticed a necrophage
  1818 | D:5      | Entered Level 5 of the Dungeon
  1821 | D:5      | HP: 1/40 [sky beast (4)]
  1825 | D:5      | Slain by a sky beast

Skill      XL: |  1  2  3  4 |
---------------+-------------+-----
Invocations    | 1 |  1.5
Short Blades   | 1 |  1.4
Long Blades    | 1 |  1.4
Axes           | 1 |  1.4
Polearms       | 1 |  1.4
Staves         | 1 |  1.4
Slings         | 1 |  1.4
Crossbows      | 1 |  1.4
Dodging        | 1 |  1.4
Stealth        | 1 |  1.4
Shields        | 1 |  1.4
Unarmed Combat | 1 |  1.4
Spellcasting   | 1 |  1.4
Evocations     | 1 |  1.4
Conjurations   | 1 |  1.1
Hexes          | 1 |  1.1
Charms         | 1 |  1.1
Summonings     | 1 |  1.1
Necromancy     | 1 |  1.1
Translocations | 1 |  1.1
Transmutations | 1 |  1.1
Fire Magic     | 1 |  1.1
Ice Magic      | 1 |  1.1
Air Magic      | 1 |  1.1
Earth Magic    | 1 |  1.1
Poison Magic   | 1 |  1.1
Fighting       | |  2.9
Maces & Flails | |  4.7
Bows           | |  2.9
Throwing       | |  4.7
Armour         | |  8.6

Action                   |  1- 3 |  4- 6 || total
-------------------------+-------+-------++-------
Melee: Mace              |   104 |    66 ||   170
       Bite              |    13 |    10 ||    23
       War axe           |    12 |    55 ||    67
  Use: Scroll            |       |     6 ||     6
  Eat: Chunk             |       |     3 ||     3
Armor: Scale mail        |    78 |   110 ||   188
Dodge: Dodged            |    77 |   102 ||   179
